Map: Dreamcatcher LE

Players

Reynor

  • Race: Zerg Zerg
  • Spawn Location: 11:00

Serral - Winner!

  • Race: Zerg Zerg
  • Spawn Location: 5:00

Event: WCS Valencia 2018

VOD

Have the link to the VOD?

Description

Time

  • Played on: July 14, 2018, 5:37 a.m.
  • Length: 12:34

All games in this series

Show
View Real Time Build Order
Export as new Build Order

Reynor Zerg 

Build Orders: Hatch First 

Get SALT Encoding   

  12  0:00  Drone  
  13  0:12  Overlord  
  13  0:17  Drone  
  14  0:30  Drone x2  
  16  0:49  Hatchery  
  15  0:52  Drone  
  15  0:55  Drone  
  17  0:58  Drone  
  18  1:09  Extractor  
  17  1:14  Spawning Pool  
  17  1:17  Drone  
  17  1:21  Drone  
  18  1:28  Drone  
  19  1:38  Overlord  
  20  2:01  Zergling x6, Queen x2  
  26  2:12  Drone  
  28  2:15  Drone  
  28  2:22  Drone x2  
  30  2:33  Drone x2  
  32  2:44  Hatchery  
  32  2:46  Drone  
  32  2:49  Drone  
  32  2:55  Drone x2  
  34  3:04  Overlord  
  34  3:07  Queen  
  34  3:12  Overlord  
  35  3:23  Evolution Chamber  
  35  3:26  Drone x3  
  36  3:28  Zergling x6  
  36  3:32  Drone  
  40  3:35  Drone  
  41  3:42  Drone x3  
  41  3:45  Overlord  
  41  3:47  Lair  
  41  3:48  Drone  
  46  3:55  Drone  
  46  3:57  Roach Warren  
  46  3:58  Drone  
  46  4:06  Overlord  
  46  4:13  Drone  
  46  4:15  Drone x2  
  46  4:16  Queen, Drone  
  50  4:18  Extractor  
  50  4:19  Drone x4  
  55  4:27  Extractor  
  53  4:37  Roach x4  
  61  4:39  Spine Crawler, Roach  
  61  4:40  Roach x3  
  61  4:43  Queen  
  70  4:49  Roach  
  57  5:02  Zergling x4  
  61  5:10  Roach  
  61  5:12  Drone x2  
  61  5:13  Drone  
  65  5:21  Roach  
  57  5:28  Roach  
  57  5:32  Drone  
  57  5:33  Drone x3  
  57  5:34  Drone  
  62  5:38  Drone  
  62  5:46  Drone x2  
  62  5:49  Roach  
  62  5:51  Roach  
  62  5:53  Drone x2  
  66  5:57  Roach  
  66  6:01  Overlord  
  68  6:10  Zerg Missile Weapons Level 1  
  68  6:13  Extractor  
  68  6:14  Drone x2  
  68  6:20  Drone x2  
  70  6:27  Drone x3  
  70  6:30  Drone x3  
  76  6:35  Spire, Drone  
  76  6:38  Overlord  
  76  6:47  Overlord  
  76  6:58  Drone  
  77  7:02  Roach  
  77  7:03  Roach x2  
  77  7:06  Hatchery  
  77  7:08  Roach  
  84  7:09  Drone  
  85  7:19  Overlord  
  85  7:27  Roach  
  85  7:32  Overlord x2  
  84  7:45  Ravager  
  84  7:46  Mutalisk x2  
  84  7:47  Mutalisk x3  
  84  7:51  Mutalisk  
  94  7:53  Drone x3  
  94  7:57  Overlord x2  
  99  8:03  Extractor  
  98  8:06  Overlord, Spore Crawler  
  98  8:08  Extractor  
  96  8:15  Mutalisk  
  96  8:17  Overlord  
  96  8:18  Mutalisk x2  
  104  8:24  Drone x3  
  104  8:25  Drone  
  108  8:30  Mutalisk  
  110  8:39  Mutalisk  
  110  8:41  Mutalisk  
  110  8:45  Roach  
  110  8:46  Roach x3  
  104  8:49  Roach  
  104  8:51  Roach  
  104  8:52  Roach  
  94  8:57  Roach x2  
  93  9:10  Mutalisk, Drone x4  
  93  9:11  Roach  
  88  9:17  Mutalisk  
  88  9:24  Roach x2  
  65  9:42  Drone x2  
  65  9:43  Drone  
  65  9:48  Drone  
  65  9:51  Drone  
  67  9:54  Drone  
  67  9:58  Drone  
  69  10:02  Mutalisk  
  71  10:13  Mutalisk  
  69  10:18  Drone x3  
  69  10:20  Drone  
  66  10:25  Drone  
  61  10:31  Drone  
  62  10:40  Hydralisk Den  
  61  10:44  Drone  
  61  10:48  Drone  
  63  10:50  Drone  
  62  11:10  Lurker Den  
  62  11:11  Drone x2  
  63  11:12  Drone x3  
  63  11:16  Hydralisk  
  68  11:23  Hydralisk  
  68  11:25  Hydralisk  
  70  11:34  Hydralisk  
  72  11:44  Roach  
  74  11:47  Hydralisk x2  
  78  11:54  Queen  
  78  11:57  Roach  
  82  12:02  Hydralisk  
  84  12:14  Roach x2  
Show
View Real Time Build Order
Export as new Build Order

Serral Zerg - Winner!

Build Orders: Hatch First, Roach Nydus 

Get SALT Encoding   

  12  0:00  Drone  
  13  0:12  Overlord  
  13  0:17  Drone  
  14  0:30  Drone x2  
  16  0:48  Hatchery  
  15  0:51  Drone  
  15  0:54  Drone  
  17  0:57  Drone  
  18  1:08  Extractor  
  17  1:13  Spawning Pool  
  17  1:16  Drone  
  17  1:19  Drone  
  18  1:28  Drone  
  19  1:39  Drone  
  20  1:49  Overlord  
  20  2:00  Queen x2  
  24  2:01  Drone x2  
  26  2:10  Zergling x2  
  26  2:11  Drone  
  28  2:21  Drone x2  
  30  2:33  Overlord  
  30  2:34  Drone  
  30  2:35  Queen  
  33  2:44  Drone x2  
  33  2:51  Evolution Chamber  
  34  2:54  Drone  
  34  2:55  Drone  
  34  2:56  Lair, Roach Warren  
  35  3:05  Extractor x2, Overlord  
  34  3:07  Drone  
  34  3:09  Drone  
  34  3:12  Drone  
  36  3:14  Drone  
  36  3:15  Drone  
  36  3:19  Drone  
  39  3:22  Drone  
  39  3:24  Drone  
  40  3:35  Overlord  
  40  3:52  Overlord  
  40  3:54  Roach x4, Nydus Network  
  47  3:57  Roach  
  47  4:00  Roach  
  51  4:03  Overlord  
  51  4:04  Roach  
  51  4:06  Roach  
  51  4:09  Overlord  
  55  4:16  Roach x2  
  59  4:21  Overlord  
  59  4:30  Nydus Canal  
  59  4:34  Roach x2  
  59  4:36  Roach  
  65  4:40  Roach  
  65  4:42  Roach  
  69  4:48  Roach  
  69  4:49  Roach  
  73  4:53  Nydus Canal  
  73  4:56  Roach  
  75  5:02  Roach  
  73  5:07  Roach  
  73  5:10  Nydus Canal  
  75  5:18  Overlord  
  75  5:19  Overlord  
  73  5:27  Overlord  
  73  5:30  Zerg Missile Weapons Level 1  
  73  5:43  Overlord, Drone  
  73  5:44  Drone x2  
  73  5:47  Queen  
  70  5:52  Drone x2  
  70  5:59  Spire  
  70  6:00  Extractor, Drone x2  
  70  6:08  Drone  
  71  6:11  Drone  
  71  6:17  Hatchery  
  71  6:23  Drone x3  
  74  6:28  Overlord  
  74  6:32  Glial Reconstitution  
  74  6:35  Drone x2  
  76  7:10  Mutalisk x2  
  76  7:11  Mutalisk x5  
  76  7:12  Queen  
  76  7:14  Drone x2  
  94  7:16  Drone  
  94  7:17  Drone  
  94  7:21  Roach x2  
  100  7:24  Overlord  
  100  7:26  Overlord x2  
  100  7:28  Overlord  
  100  7:35  Roach x2  
  104  7:38  Roach  
  106  7:44  Roach x3  
  106  7:50  Roach x2  
  116  7:54  Roach x2  
  116  7:55  Roach  
  116  7:57  Overseer  
  122  8:01  Overlord  
  122  8:03  Roach  
  124  8:11  Roach x4  
  132  8:18  Roach x3  
  138  8:23  Overlord  
  138  8:26  Roach x2  
  138  8:27  Roach  
  144  8:40  Roach  
  146  8:43  Overlord  
  146  8:48  Overlord  
  142  8:51  Extractor  
  142  8:52  Extractor  
  134  9:03  Queen x3  
  134  9:04  Drone x2  
  134  9:05  Drone x2  
  134  9:06  Hydralisk Den, Drone  
  134  9:08  Overlord  
  132  9:12  Overlord  
  132  9:15  Drone x2  
  120  9:20  Overlord  
  120  9:22  Drone  
  115  9:26  Overlord  
  115  9:27  Overlord  
  103  9:32  Spore Crawler  
  103  9:36  Spore Crawler  
  103  9:37  Spore Crawler x2  
  103  9:38  Drone  
  84  9:42  Drone x2  
  84  9:43  Drone x2  
  82  9:50  Drone x4  
  86  9:58  Spore Crawler, Drone x2  
  87  10:03  Spore Crawler  
  87  10:06  Hydralisk x2  
  88  10:16  Hydralisk x4  
  96  10:22  Muscular Augments  
  96  10:28  Hydralisk x3  
  96  10:35  Hydralisk x2  
  106  10:44  Hydralisk  
  106  10:45  Hydralisk  
  110  10:51  Hydralisk x3  
  114  11:00  Hydralisk x3  
  108  11:06  Hydralisk x2  
  108  11:10  Hydralisk x2  
  116  11:12  Overseer  
  116  11:20  Hydralisk  
  116  11:21  Hydralisk x2  
  122  11:27  Roach x3  
  127  11:35  Roach x4  
  131  11:52  Hydralisk x5  
  143  12:01  Roach x4  
  143  12:04  Nydus Canal  
  149  12:12  Roach x4  
  153  12:21  Overseer  
Tags
 
Add a new tag
Caveats
  • Supply blocks, unpowered buildings, or Contaminate may cause inaccurate times.
  • Supply counts are checked every 10 seconds.